[Event "WYCC 2018 O14"]
[Site "Halkidiki"]
[Date "2018.10.22"]
[Round "4"]
[White "Manafov, Vugar"]
[Black "Nguyen, Huynh Minh Thien"]
[Result "0-1"]
[ECO "A05"]
[WhiteElo "2245"]
[BlackElo "1996"]
[Annotator "NA"]
[PlyCount "98"]
[EventDate "2018.10.20"]
[EventType "swiss"]
[EventCountry "GRE"]
[SourceTitle "playchess.com"]
[Source "ChessBase"]
[SourceQuality "1"]
[TimeControl "40/5400+30:1800+30"]

1. Nf3 Nf6 2. g3 g6 3. b3 Bg7 4. Bb2 O-O 5. Bg2 d5 6. c4 c6 7. O-O a5 8. d3 Nbd7 {[%emt 0:00:48] A11: English Opening: 1...c6} (8... a4 9. Nbd2 Na6 10. Qc1 Bg4 11. Bc3 Nc7 12. h3 Bxf3 13. Nxf3 Ne6 14. b4 d4 15. Bd2 Nd7 16. Rb1 Qc7 {1-0 (42) Banusz,T (2612)-Indjic,A (2599) Valjevo 2018}) 9. Nbd2 Re8 10. Rc1 e5 11. cxd5 cxd5 12. e4 $146 ({Predecessor:} 12. Qc2 Qe7 13. Nb1 b5 14. Nc3 Ba6 15. Nd2 Rac8 16. Qb1 {½-½ (57) Horvath,D (2310)-Puranik,A (2479) Pardubice 2017}) 12... d4 13. Nc4 Bf8 14. a4 b6 15. Ne1 Nc5 16. f4 Bg4 17. Nf3 exf4 18. gxf4 Bh6 19. h3 Bh5 20. f5 $2 (20. Qc2 $1 $11 Ne6 21. f5) 20... Bxc1 21. Bxc1 gxf5 22. Qe1 Nxd3 23. Qg3+ Bg6 24. exf5 Ne4 25. Qh2 Nxc1 $19 26. Rxc1 Bxf5 27. Qf4 Bg6 28. Nfe5 Nc3 29. Bf3 Re6 30. Re1 Rc8 31. Bg4 Qh4 32. Rf1 Rf8 33. Kh1 Ne4 34. Bxe6 Ng3+ 35. Kg2 Be4+ 36. Kh2 Nxf1+ 37. Qxf1 fxe6 38. Qg1+ Bg6 39. Qg4 Qf2+ 40. Qg2 Qf4+ 41. Kg1 Qc1+ 42. Kh2 Qc2 43. Qxc2 Bxc2 44. Kg3 d3 45. Nd2 Rf5 46. Nec4 b5 47. axb5 Rxb5 48. Nd6 Rb4 49. Nc8 Rxb3 0-1

[Event "WYCC 2018 O14"]
[Site "Halkidiki"]
[Date "2018.10.22"]
[Round "4"]
[White "Turcan, Richard"]
[Black "Egorov, Mikhail"]
[Result "0-1"]
[ECO "B35"]
[WhiteElo "2218"]
[BlackElo "2006"]
[Annotator "NA"]
[PlyCount "72"]
[EventDate "2018.10.20"]
[EventType "swiss"]
[EventCountry "GRE"]
[SourceTitle "playchess.com"]
[Source "ChessBase"]
[SourceQuality "1"]
[TimeControl "40/5400+30:1800+30"]

1. e4 c5 2. Nf3 Nc6 3. d4 cxd4 4. Nxd4 g6 5. Nc3 Bg7 6. Be3 Nf6 7. Bc4 O-O 8. Bb3 d6 9. f3 Qa5 10. Qd2 Nxd4 11. Bxd4 Be6 12. O-O-O b5 13. Kb1 b4 14. Ne2 Rfc8 15. g4 Rc6 16. g5 (16. Bxe6 $14 fxe6 17. c3) 16... Nh5 17. h4 Rac8 $11 18. Bxg7 Nxg7 19. Nd4 Bxb3 20. Nxb3 Qa4 21. Rh2 Ne6 22. Qd5 Ra6 23. Nc1 Rac6 24. Qb3 Qb5 25. Nd3 a5 26. Qd5 Nc5 27. h5 e6 28. Qd4 Nxd3 29. hxg6 fxg6 30. Qxd3 Qxg5 31. f4 Qxf4 32. Qh3 Qf7 33. Rf1 Qe7 34. Rhf2 R6c7 35. Rf6 Rxc2 36. Qb3 Qxf6 0-1

[Event "WYCC 2018 O14"]
[Site "Halkidiki"]
[Date "2018.10.22"]
[Round "4"]
[White "Van Dael, Siem"]
[Black "Sanger, Jake M"]
[Result "1-0"]
[ECO "C12"]
[WhiteElo "2202"]
[BlackElo "1880"]
[Annotator "NA"]
[PlyCount "57"]
[EventDate "2018.10.20"]
[EventType "swiss"]
[EventCountry "GRE"]
[SourceTitle "playchess.com"]
[Source "ChessBase"]
[SourceQuality "1"]
[TimeControl "40/5400+30:1800+30"]

1. e4 e6 2. d4 d5 3. Nc3 Nf6 4. Bg5 Bb4 5. e5 h6 6. Be3 Ne4 7. Qg4 g6 8. a3 Bxc3+ 9. bxc3 c5 10. Bd3 {[%emt 0:01:01] C12: French: Classical System: McCutcheon Variation} h5 (10... Nxc3 11. dxc5 Nc6 12. Nf3 Qa5 13. O-O Qa4 14. Qxa4 Nxa4 15. Bb5 Nc3 16. a4 Bd7 17. Ra3 Ne4 {½-½ (74) Ponkratov,P (2605)-Nguyen,N (2625) Khanty-Mansiysk 2013}) 11. Qf4 g5 12. Qf3 Nxc3 13. dxc5 Nc6 14. Qg3 Qa5 15. Kf1 Rg8 16. Nf3 Ne4 $146 ({Predecessor:} 16... Bd7 17. Nxg5 O-O-O {1-0 (39) Eiben,P (2505)-Tazelaar,H (2476) ICCF email 2008}) 17. Bxe4 dxe4 18. Nxg5 Qc3 19. Rd1 Nxe5 20. Qf4 $11 ({Only move:} 20. Nxe4 $16 Rxg3 21. Nxc3) 20... Qxc2 21. Rc1 Qb2 22. Nxe4 f5 23. Nf6+ Kf7 24. Nxg8 Kxg8 25. Qg5+ Kf8 26. Qf6+ Ke8 27. Rd1 Bd7 28. Qh8+ Kf7 29. Rxd7+ 1-0

[Event "WYCC 2018 O14"]
[Site "Halkidiki"]
[Date "2018.10.22"]
[Round "4"]
[White "Fecker, Noah"]
[Black "Dardha, Daniel"]
[Result "1/2-1/2"]
[ECO "B37"]
[WhiteElo "2184"]
[BlackElo "2316"]
[Annotator "NA"]
[PlyCount "64"]
[EventDate "2018.10.20"]
[EventType "swiss"]
[EventCountry "GRE"]
[SourceTitle "playchess.com"]
[Source "ChessBase"]
[SourceQuality "1"]
[TimeControl "40/5400+30:1800+30"]

1. e4 c5 2. Nf3 g6 3. d4 cxd4 4. Nxd4 Bg7 5. c4 Nc6 6. Nc2 Nf6 7. Nc3 O-O 8. Be2 d6 9. O-O Be6 10. Be3 Nd7 11. Qd2 Nc5 12. f3 a5 13. b3 Nb4 14. Nd4 Nc6 15. Nc2 $11 (15. Nxe6 $14 Nxe6 16. Rad1) 15... Nb4 16. Nd4 Nc6 17. Rab1 Nxd4 18. Bxd4 Bxd4+ 19. Qxd4 Qb6 20. Rfd1 Nd7 21. Qxb6 Nxb6 22. Nd5 Bxd5 23. exd5 Rfc8 24. Rd4 Rc7 25. f4 Nd7 26. Kf2 Nc5 27. Re1 Ra6 28. Rb1 Ra8 29. Kf3 Re8 30. Rbd1 Na6 31. R4d2 Ra8 32. Rb1 Nc5 1/2-1/2

[Event "WYCC 2018 O14"]
[Site "Halkidiki"]
[Date "2018.10.22"]
[Round "4"]
[White "Vitenberg, Noam Aviv"]
[Black "Thenuka, Kuruwita Gamalathge"]
[Result "1-0"]
[ECO "B50"]
[WhiteElo "2175"]
[BlackElo "1710"]
[Annotator "NA"]
[PlyCount "69"]
[EventDate "2018.10.20"]
[EventType "swiss"]
[EventCountry "GRE"]
[SourceTitle "playchess.com"]
[Source "ChessBase"]
[SourceQuality "1"]
[TimeControl "40/5400+30:1800+30"]

1. e4 c5 2. Nf3 d6 3. g3 Nc6 4. Bg2 g6 5. O-O Bg7 6. c3 Nf6 7. d4 cxd4 8. cxd4 O-O 9. Nc3 Bd7 10. d5 Na5 $11 11. Qe2 Rc8 12. Be3 a6 13. Bd4 b5 14. b4 Nc4 15. a4 Ng4 16. axb5 axb5 17. Bxg7 Kxg7 18. Nd4 Qb6 19. Ndxb5 Nge5 20. Na7 Ra8 21. Nc6 Bxc6 22. dxc6 Qxc6 23. Rxa8 Rxa8 24. f4 Nd7 25. e5 Qb6+ 26. Kh1 Rc8 27. Nd5 Qd8 28. e6 Nf8 29. exf7 e6 30. Nc3 d5 31. g4 Qf6 32. f5 Qxc3 33. fxe6 Nxe6 34. Qxe6 Ne3 35. f8=Q+ 1-0

[Event "WYCC 2018 O14"]
[Site "Halkidiki"]
[Date "2018.10.22"]
[Round "4"]
[White "Lopez Varela, Pablo"]
[Black "Manucharyan, Gagik"]
[Result "1-0"]
[ECO "B20"]
[WhiteElo "2172"]
[BlackElo "1827"]
[Annotator "NA"]
[PlyCount "81"]
[EventDate "2018.10.20"]
[EventType "swiss"]
[EventCountry "GRE"]
[SourceTitle "playchess.com"]
[Source "ChessBase"]
[SourceQuality "1"]
[TimeControl "40/5400+30:1800+30"]

1. e4 c5 2. d3 g6 3. g3 Bg7 4. Bg2 e6 5. f4 Nc6 6. c3 Nge7 7. Be3 b6 8. Nf3 O-O 9. O-O d5 10. e5 Bb7 11. Bf2 Qd7 12. Na3 a6 13. Nc2 $14 Rfd8 14. Qd2 Rac8 15. g4 d4 16. c4 b5 17. b3 Qc7 18. Bh4 Rd7 19. Qf2 h6 20. Bf6 Bxf6 21. exf6 Qxf4 22. fxe7 Qxg4 23. h3 Qf4 24. Rae1 Rxe7 25. Re4 Qd6 26. Rh4 Kg7 27. Ng5 f5 28. Rxh6 Rh8 29. Rxh8 Kxh8 30. Qh4+ Kg8 31. Ne1 Nd8 32. Nef3 e5 33. Qh6 Rg7 34. Nh4 Ne6 35. Bxb7 Rxb7 36. Nxe6 Qxe6 37. Rxf5 Rg7 38. Rg5 Qxh3 39. Rxg6 Rxg6+ 40. Qxg6+ Kh8 41. Nf5 1-0

[Event "WYCC 2018 O14"]
[Site "Halkidiki"]
[Date "2018.10.22"]
[Round "4"]
[White "Turgut, Aydin"]
[Black "Tadic, Stefan"]
[Result "1/2-1/2"]
[ECO "B35"]
[WhiteElo "2156"]
[BlackElo "2295"]
[Annotator "NA"]
[PlyCount "72"]
[EventDate "2018.10.20"]
[EventType "swiss"]
[EventCountry "GRE"]
[SourceTitle "playchess.com"]
[Source "ChessBase"]
[SourceQuality "1"]
[TimeControl "40/5400+30:1800+30"]

1. e4 c5 2. Nf3 Nc6 3. d4 cxd4 4. Nxd4 g6 5. Be3 Bg7 6. Nc3 Nf6 7. Bc4 O-O 8. Bb3 Re8 {[%emt 0:03:12] B35: Sicilian: Accelerated Dragon with 5 Nc3: main line} 9. Nxc6 (9. f3 d5 10. exd5 Nb4 11. Nde2 e6 12. Bd4 exd5 13. Qd2 Nc6 14. O-O-O Nxd4 15. Nxd4 Bd7 16. g4 {1-0 (33) Navara,D (2740)-Gelfand,B (2703) Batumi 2018}) 9... dxc6 {[%emt 0:04:39] LiveBook: 17 Games} 10. Qxd8 Rxd8 11. f3 b6 12. e5 $146 ({Predecessor:} 12. a4 Rd7 13. a5 Ba6 14. axb6 axb6 15. Kf2 Kf8 16. Rhd1 {1-0 (16) Gabrielian,A (2520)-Yagupov,I (2400) Kazan 2016}) 12... Nd5 13. O-O-O Be6 14. Nxd5 Bxd5 15. Bxd5 cxd5 16. f4 $11 Rac8 17. g4 e6 18. h4 Rc7 19. h5 Rc4 20. Bd4 b5 21. a3 a5 22. b3 Rc6 23. Kb2 Bf8 24. Rd2 Bc5 25. Rh3 Rdc8 26. c3 R8c7 27. h6 Be7 28. b4 axb4 29. axb4 Ra6 30. Rd1 Rc8 31. Ra1 Rca8 32. Rxa6 Rxa6 33. g5 Kf8 34. Rh1 Ke8 35. Ra1 Rxa1 36. Kxa1 Kd7 1/2-1/2

[Event "WYCC 2018 O14"]
[Site "Halkidiki"]
[Date "2018.10.22"]
[Round "4"]
[White "Patrelakis, Evaggelos"]
[Black "Nakahara, Kan"]
[Result "1-0"]
[ECO "C07"]
[WhiteElo "2146"]
[BlackElo "1850"]
[Annotator "NA"]
[PlyCount "159"]
[EventDate "2018.10.20"]
[EventType "swiss"]
[EventCountry "GRE"]
[SourceTitle "playchess.com"]
[Source "ChessBase"]
[SourceQuality "1"]
[TimeControl "40/5400+30:1800+30"]

1. e4 e6 2. d4 d5 3. Nd2 c5 4. exd5 Qxd5 5. Ngf3 cxd4 6. Bc4 Qd6 7. O-O Nf6 8. Nb3 Nc6 9. Nbxd4 Nxd4 10. Nxd4 Be7 11. c3 O-O 12. Qf3 Qc7 13. Bb3 Bd7 14. Re1 Bd6 15. h3 e5 16. Nc2 a5 17. Ne3 e4 18. Qe2 Qc5 19. Bd2 a4 20. Bc2 Rac8 21. Nf1 Rfe8 22. Be3 Qf5 23. Qd2 Bc5 24. Bxc5 Qxc5 25. Ng3 Bc6 26. Rad1 Re7 27. Qd6 Qxd6 28. Rxd6 Rce8 29. Nf5 Rd7 30. Rxd7 Nxd7 31. Nd4 Nc5 32. Rd1 g6 33. Nxc6 bxc6 34. Rd4 Rb8 35. Rb4 Rd8 36. Bxe4 Rd1+ 37. Kh2 Nxe4 38. Rxe4 Rd2 39. Rxa4 Rxb2 40. Kg3 Rc2 41. Rc4 Rxa2 42. Rxc6 Kf8 43. Rc7 h6 44. h4 Rc2 45. Kf3 Ke8 46. g4 Kd8 47. Rxf7 Rxc3+ 48. Kg2 Rc6 49. Rh7 g5 50. hxg5 hxg5 51. Rg7 Rc5 52. Rf7 Rc4 53. Kg3 Rc3+ 54. Rf3 Rc7 55. Rf5 Rg7 56. Re5 Kd7 57. Kf3 Kd6 58. Ke4 Rf7 59. Rf5 Re7+ 60. Kd4 Rg7 61. Rf6+ Ke7 62. Ke5 Rg8 63. Kf5 Rg7 64. f3 Rg8 65. Rg6 Rf8+ 66. Ke4 Re8 67. Rxg5 Kf6+ 68. Kf4 Ra8 69. Rf5+ Kg6 70. Re5 Ra4+ 71. Re4 Ra6 72. g5 Rb6 73. Kg4 Rb1 74. Re6+ Kf7 75. Rf6+ Kg7 76. f4 Rg1+ 77. Kf5 Rb1 78. Re6 Rb5+ 79. Re5 Rb7 80. g6 1-0

[Event "WYCC 2018 O14"]
[Site "Halkidiki"]
[Date "2018.10.22"]
[Round "4"]
[White "Galkin, Gleb"]
[Black "Spyropoulos, Nikolaos"]
[Result "1/2-1/2"]
[ECO "A46"]
[WhiteElo "2134"]
[BlackElo "2378"]
[Annotator "NA"]
[PlyCount "107"]
[EventDate "2018.10.20"]
[EventType "swiss"]
[EventCountry "GRE"]
[SourceTitle "playchess.com"]
[Source "ChessBase"]
[SourceQuality "1"]
[TimeControl "40/5400+30:1800+30"]

1. d4 Nf6 2. Nf3 e6 3. c4 c5 4. Nc3 cxd4 5. Nxd4 Bb4 6. Bd2 O-O 7. e3 {[%emt 0:02:04] LiveBook: 47 Games} Nc6 8. Be2 d5 9. cxd5 exd5 10. O-O {[%emt 0:02:08] A32: Symmetrical English: 2 Nf3 Nf6 3 d4 cxd4 4 Nxd4 e6} a6 (10... Nxd4 11. exd4 Re8 12. Bf3 Be6 13. Qb3 Bxc3 14. Bxc3 Qd7 15. Rfd1 Bg4 16. Bxg4 Nxg4 17. h3 Nf6 18. Bd2 Ne4 19. Be3 {0-1 (81) Fridman,D (2596)-Navara,D (2725) Tallinn 2016}) 11. Nxc6 bxc6 12. Ne4 $146 ({Predecessor:} 12. Rc1 Bd7 13. Na4 Qa5 14. Bxb4 Qxb4 15. a3 Qd6 16. Nb6 Rab8 17. Nxd7 Qxd7 {1-0 (62) Holleland,S (2001)-Njorge,M Durban 2014}) 12... Nxe4 13. Bxb4 Re8 14. Bd3 Qg5 15. Bxe4 Rxe4 16. f4 Qf6 17. Qd2 Rb8 $11 18. Bc3 Qe7 19. Be5 Rb5 20. Rfc1 Bd7 21. a4 Rb3 22. Bd4 h6 23. Qc2 Rb8 24. Qc5 Qd8 25. Rf1 h5 26. b4 h4 27. Ra2 Rc8 28. Rb2 Bf5 29. Qa7 Qe8 30. Qxa6 Ra8 31. Qb7 Rxa4 32. b5 Rxe3 33. Bxe3 Qxe3+ 34. Rbf2 h3 35. g3 cxb5 36. Qxd5 g6 37. Qe5 Qxe5 38. fxe5 b4 39. Rf4 Be6 40. Rb1 Ra2 41. Rf2 Ra4 42. Rf4 Ra2 43. Rf2 b3 44. Rxa2 bxa2 45. Rb8+ Kg7 46. Ra8 Kh6 47. Kf2 Kg5 48. Ke3 Kf5 49. Kd4 Bb3 50. Ra6 Kg4 51. Ke3 Bd5 52. Ra7 Kf5 53. Kd4 Be6 54. Ra5 1/2-1/2

[Event "WYCC 2018 O14"]
[Site "Halkidiki"]
[Date "2018.10.22"]
[Round "4"]
[White "Marn, Jan"]
[Black "Stoyanov, Tsvetan"]
[Result "0-1"]
[ECO "A43"]
[WhiteElo "2125"]
[BlackElo "2340"]
[Annotator "NA"]
[PlyCount "56"]
[EventDate "2018.10.20"]
[EventType "swiss"]
[EventCountry "GRE"]
[SourceTitle "playchess.com"]
[Source "ChessBase"]
[SourceQuality "1"]
[TimeControl "40/5400+30:1800+30"]

1. d4 Nf6 2. c4 c5 3. d5 d6 4. Nc3 g6 5. e4 Bg7 6. f3 O-O 7. Bg5 h6 8. Be3 e6 9. Qd2 exd5 10. cxd5 Re8 11. Nge2 Nbd7 12. Ng3 h5 13. Bg5 {[%emt 0:11:31] A65: Modern Benoni: 6 e4} (13. Be2 a6 14. a4 Nh7 15. O-O h4 16. Nh1 f5 17. Nf2 Ne5 18. f4 Nf7 19. exf5 Bxf5 20. Rae1 Qd7 {½-½ (49) Ponomariov,R (2714)-Bacrot,E (2718) Beijing 2014}) 13... h4 14. Bxh4 $146 ({Predecessor:} 14. Nge2 h3 15. gxh3 Ne5 16. Bg2 Bxh3 17. O-O Qd7 18. Ng3 Nh7 19. Bf4 Bxg2 20. Kxg2 {½-½ (58) Sachdev,T (2422)-Narayanan,S (2414) Pune 2014}) 14... Nxe4 15. Bxd8 Nxd2+ 16. Kxd2 Rxd8 17. Be2 Be5 18. Kc2 Nb6 19. Rad1 f5 20. Rhf1 a6 21. f4 Bf6 22. b3 Bd7 23. Rh1 Rac8 24. Bf3 c4 25. b4 Na4 26. Nge2 $19 Re8 27. Kd2 g5 28. g3 Nxc3 0-1

[Event "WYCC 2018 O14"]
[Site "Halkidiki"]
[Date "2018.10.22"]
[Round "4"]
[White "Torngren, Gustav"]
[Black "Gharibyan, Mamikon"]
[Result "1/2-1/2"]
[ECO "E47"]
[WhiteElo "2107"]
[BlackElo "2314"]
[Annotator "NA"]
[PlyCount "103"]
[EventDate "2018.10.20"]
[EventType "swiss"]
[EventCountry "GRE"]
[SourceTitle "playchess.com"]
[Source "ChessBase"]
[SourceQuality "1"]
[TimeControl "40/5400+30:1800+30"]

1. d4 Nf6 2. c4 e6 3. Nc3 Bb4 4. e3 O-O 5. Bd3 c5 6. Nf3 Bxc3+ 7. bxc3 d6 8. d5 e5 9. Qc2 Nbd7 10. O-O Qe7 11. e4 Re8 12. Nh4 Nf8 13. g3 h6 14. Bd2 N8h7 15. f3 Ng5 16. Rae1 $11 Bh3 17. Rf2 a6 18. a4 Rab8 19. Rfe2 Bd7 20. Bxg5 hxg5 21. Ng2 g6 22. Rb1 b6 23. Ree1 Rec8 24. Rb2 Qd8 25. Reb1 Be8 26. Bf1 Kg7 27. Ne3 Bd7 28. Ra1 Qc7 29. Ra3 Rh8 30. Qb1 Rhc8 31. Qa1 Kf8 32. Rab3 Ke7 33. Rb1 Qd8 34. Qa3 Kf8 35. Qb2 Bxa4 36. Rxb6 Nd7 37. Rxb8 Rxb8 38. Qa1 Rxb1 39. Qxb1 Nb6 40. Qa1 a5 41. Bd3 Qa8 42. Qb2 Qa6 43. Kf2 Ke7 44. Ke2 Bd7 45. Kd2 Kd8 46. Qa2 Kc7 47. Nc2 Qa8 48. Qa1 a4 49. Na3 Qh8 50. Qg1 Qh6 51. g4 f5 52. Qg2 1/2-1/2

[Event "WYCC 2018 O14"]
[Site "Halkidiki"]
[Date "2018.10.22"]
[Round "4"]
[White "Wang, Alex"]
[Black "Suleymanli, Aydin"]
[Result "1/2-1/2"]
[ECO "B17"]
[WhiteElo "2076"]
[BlackElo "2313"]
[Annotator "NA"]
[PlyCount "53"]
[EventDate "2018.10.20"]
[EventType "swiss"]
[EventCountry "GRE"]
[SourceTitle "playchess.com"]
[Source "ChessBase"]
[SourceQuality "1"]
[TimeControl "40/5400+30:1800+30"]

1. e4 c6 2. d4 d5 3. Nd2 dxe4 4. Nxe4 Nd7 5. Ng5 Ngf6 6. Bd3 e6 7. N1f3 Bd6 8. Qe2 h6 9. Ne4 Nxe4 10. Qxe4 Nf6 11. Qh4 Qa5+ {[%emt 0:01:56] B17: Caro-Kann: Modern Line (4...Nd7)} 12. Bd2 Qh5 13. Qxh5 Nxh5 14. Ne5 Nf6 15. O-O O-O 16. Be2 $146 ({Predecessor:} 16. Rfe1 Rd8 17. b4 Bc7 18. Nf3 Bd7 19. a4 {½-½ (41) Feher,G (2380)-Dovzik,J (2410) Heves 1997}) 16... Rd8 17. Rfd1 Bd7 18. Nxd7 Rxd7 19. Bf3 Bc7 $11 20. c3 Rad8 21. Be3 Nd5 22. Re1 Kf8 23. a4 a6 24. g3 Bb6 25. Bd2 Kg8 26. Rad1 Kf8 27. Kg2 1/2-1/2

[Event "WYCC 2018 O14"]
[Site "Halkidiki"]
[Date "2018.10.22"]
[Round "4"]
[White "Antonica, Dragos-Andrei"]
[Black "Gomez Barrera, Gonzalo Andres"]
[Result "1-0"]
[ECO "E94"]
[WhiteElo "2061"]
[BlackElo "1843"]
[Annotator "NA"]
[PlyCount "105"]
[EventDate "2018.10.20"]
[EventType "swiss"]
[EventCountry "GRE"]
[SourceTitle "playchess.com"]
[Source "ChessBase"]
[SourceQuality "1"]
[TimeControl "40/5400+30:1800+30"]

1. Nf3 Nf6 2. c4 d6 3. d4 g6 4. Nc3 Bg7 5. e4 O-O 6. Be2 e5 7. O-O a5 8. Bg5 h6 9. dxe5 hxg5 10. exf6 Bxf6 11. Qd2 g4 12. Nd4 Nc6 13. Ndb5 Ne5 14. Rad1 Be6 15. b3 Kg7 16. Nd4 Rh8 17. f4 gxf3 18. Nxf3 Nxf3+ 19. Rxf3 Be5 20. h3 c6 21. Rdf1 Qh4 22. Bd3 Raf8 23. Ne2 Bg4 24. Rf4 Qh6 25. hxg4 g5 26. R4f3 Qh4 27. Rh3 Qxg4 28. Rff3 Rxh3 29. Rxh3 Rh8 30. Rxh8 Kxh8 31. Qe3 Kg7 32. Qh3 Qxh3 33. gxh3 Kh6 34. Kg2 Kh5 35. Ng3+ Kg6 36. Kf3 Kf6 37. Nf5 Ke6 38. Kg4 f6 39. Kh5 Bc3 40. Kg6 Ke5 41. Kf7 b6 42. Ke7 d5 43. exd5 cxd5 44. cxd5 Kxd5 45. Ng3 Be5 46. Nh5 Kd4 47. Bf5 Kc3 48. Nxf6 Kb2 49. a4 Kxb3 50. Bd7 Kc4 51. Ke6 Kd4 52. Kf5 Bf4 53. Nh7 1-0

[Event "WYCC 2018 O14"]
[Site "Halkidiki"]
[Date "2018.10.22"]
[Round "4"]
[White "Runets, Ivan"]
[Black "Ognean, Mihnea-Ionut"]
[Result "1/2-1/2"]
[ECO "A46"]
[WhiteElo "2047"]
[BlackElo "2291"]
[Annotator "NA"]
[PlyCount "89"]
[EventDate "2018.10.20"]
[EventType "swiss"]
[EventCountry "GRE"]
[SourceTitle "playchess.com"]
[Source "ChessBase"]
[SourceQuality "1"]
[TimeControl "40/5400+30:1800+30"]

1. d4 Nf6 2. Nf3 e6 3. Bf4 c5 4. c3 d5 5. e3 Nc6 6. Nbd2 Bd6 7. Bg3 O-O 8. Bd3 b6 9. Ne5 Bb7 10. O-O Qc7 11. f4 Ne7 {[%emt 0:00:35] D02: 1 d4 d5 2 Nf3 sidelines, including 2...Nf6 3 g3 and 2...Nf6 3 Bf4} 12. Qf3 {[%emt 0:11:39] LiveBook: 11 Games} (12. Qb1 Qc8 13. Bh4 Nf5 14. Bxf5 exf5 15. Bxf6 gxf6 16. Nef3 Qe6 17. Re1 Ba6 18. Nh4 cxd4 19. exd4 {1-0 (28) Korobov,A (2692)-Dominguez Perez,L (2739) Doha 2016}) 12... Nf5 13. Bf2 Be7 14. Qh3 Ne4 15. Nxe4 $146 ({Predecessor:} 15. Rad1 Rad8 16. Nef3 cxd4 17. Nxd4 Nxd4 18. cxd4 {0-1 (42) Morschel,D (2290)-Karachisaridis,V (2243) ICCF email 2006}) 15... dxe4 16. Be2 f6 17. Bc4 Bd5 18. Bxd5 exd5 19. Qxf5 fxe5 20. Qe6+ $18 ({Don't play} 20. Qxe5 $6 Qd7 $16) 20... Kh8 21. dxe5 Rad8 22. Rad1 Qb7 23. Rd2 Rfe8 24. Qg4 Qc6 25. Rfd1 b5 26. Bh4 Bxh4 27. Qxh4 Qe6 28. Qh5 a5 29. Qe2 Qc6 30. a4 bxa4 31. c4 d4 32. exd4 cxd4 33. Rxd4 Rxd4 34. Rxd4 Qb6 35. Qf2 e3 36. Qxe3 Qxb2 37. Qd2 Qb6 38. Kf1 a3 39. Rd3 Qb1+ 40. Ke2 a2 41. Rd8 h6 42. Rxe8+ Kh7 43. Qd5 a1=Q 44. Qg8+ Kg6 45. Qe6+ 1/2-1/2

[Event "WYCC 2018 O14"]
[Site "Halkidiki"]
[Date "2018.10.22"]
[Round "4"]
[White "Karadzhov, Ivan"]
[Black "Czopor, Maciej"]
[Result "0-1"]
[ECO "E53"]
[WhiteElo "2040"]
[BlackElo "2219"]
[Annotator "NA"]
[PlyCount "88"]
[EventDate "2018.10.20"]
[EventType "swiss"]
[EventCountry "GRE"]
[SourceTitle "playchess.com"]
[Source "ChessBase"]
[SourceQuality "1"]
[TimeControl "40/5400+30:1800+30"]

1. d4 Nf6 2. c4 e6 3. Nc3 Bb4 4. e3 O-O 5. Bd3 d5 6. Nf3 c5 7. O-O cxd4 8. exd4 dxc4 9. Bxc4 b6 10. Be3 {[%emt 0:12:13] LiveBook: 3 Games E54: Nimzoindisch (Moderne Variante)} (10. Bg5 Bb7 11. Rc1 Nc6 12. a3 Be7 13. Ba2 Rc8 14. Re1 h6 15. Bh4 Nh5 16. Bg3 Nxg3 17. hxg3 Bf6 18. d5 exd5 19. Nxd5 Bxb2 20. Rc2 Bxa3 21. Rd2 Bc5 22. Nc3 {0-1 (32) Flores,D (2614)-Shankland,S (2717) Montevideo 2018}) 10... Bb7 11. Rc1 Nbd7 12. Qe2 Rc8 $146 ({Vorgänger:} 12... a6 13. Ne5 b5 14. Bb3 Bxc3 15. Rxc3 Nd5 16. Rcc1 Nxe5 17. dxe5 Qh4 18. f3 Rfd8 {0-1 (52) Booker,B-Orlov,G (2420) Vancouver 1998}) 13. Ba6 Bxa6 14. Qxa6 Bxc3 15. bxc3 Qc7 16. c4 e5 17. d5 e4 18. Nd4 Ng4 19. g3 Nc5 20. Qa3 Nd3 21. Rc2 $17 (21. Nc6 $11 {keeps the balance.}) 21... Nge5 22. f3 exf3 23. Rc3 Nxc4 24. Qb3 Nde5 25. Nxf3 Qd7 26. Nxe5 Nxe5 27. Bf4 Ng6 28. Rd3 Rfe8 29. Qd1 h6 30. d6 Re6 31. Rf2 Rce8 32. Kg2 Qc6+ 33. Qf3 Nxf4+ 34. gxf4 Rxd6 35. Rxd6 Qxd6 36. f5 Qf6 37. Qg3 Re5 38. Qg4 Qc6+ 39. Rf3 Re2+ 40. Kh3 Qf6 41. Qc4 Qe5 42. Qc8+ Kh7 43. Rg3 Rf2 44. Qd7 Qe2 0-1

[Event "WYCC 2018 O14"]
[Site "Halkidiki"]
[Date "2018.10.22"]
[Round "4"]
[White "Zhukenov, Aituar"]
[Black "Juhasz, Agoston"]
[Result "1/2-1/2"]
[ECO "B18"]
[WhiteElo "2025"]
[BlackElo "2174"]
[Annotator "ChessBase"]
[PlyCount "148"]
[EventDate "2018.10.20"]
[EventType "swiss"]
[EventCountry "GRE"]
[SourceTitle "playchess.com"]
[Source "ChessBase"]
[SourceQuality "1"]
[TimeControl "40/5400+30:1800+30"]

1. e4 c6 2. d4 d5 3. Nc3 dxe4 4. Nxe4 Bf5 5. Ng3 Bg6 6. Bc4 e6 7. N1e2 Bd6 8. h4 h6 9. Nf4 Bxf4 10. Bxf4 Nf6 11. Qe2 Qa5+ 12. Bd2 Qb6 13. O-O-O O-O 14. h5 Bh7 15. Bd3 Bxd3 16. Qxd3 Rd8 17. Be3 Na6 18. Ne4 Nxe4 19. Qxe4 Nb4 20. c3 Nxa2+ 21. Kc2 Rd5 22. Ra1 Ra5 23. Qd3 c5 24. Qc4 Qc6 25. dxc5 b5 26. Qd4 Ra4 27. Qd3 Qa6 28. c6 Qxc6 29. Kd2 e5 30. f3 Qc7 31. Ke2 Rd8 32. Qxb5 Ra5 33. Qb3 Rb8 34. Qc2 Qc4+ 35. Kf2 Nb4 36. Qe4 Nd3+ 37. Kg3 Qxe4 38. fxe4 Rxa1 39. Rxa1 Rxb2 40. Rxa7 Re2 41. Kf3 Rc2 42. Ra1 Rxc3 43. Rb1 Nf4 44. g4 g6 45. hxg6 Nxg6 46. Rh1 Kg7 47. Rh5 f6 48. Kf2 Ne7 49. Bxh6+ Kg6 50. Be3 Nc8 51. Rh6+ Kf7 52. g5 fxg5 53. Bxg5 Rc2+ 54. Kf3 Kg7 55. Re6 Rc5 56. Kg4 Kf7 57. Kf5 Rb5 58. Rf6+ Kg7 59. Rc6 Nb6 60. Rc7+ Kg8 61. Kg6 Ra5 62. Rb7 Nc8 63. Rd7 Ra6+ 64. Bf6 Rd6 65. Rb7 Kf8 66. Kf5 Rb6 67. Rc7 Nd6+ 68. Kxe5 Ne8 69. Be7+ Kf7 70. Bc5+ Nxc7 71. Bxb6 Ne6 72. Kd6 Ng5 73. e5 Ke8 74. Kd5 Nf7 1/2-1/2

[Event "WYCC 2018 O14"]
[Site "Halkidiki"]
[Date "2018.10.22"]
[Round "4"]
[White "Boulos, Carlos"]
[Black "Popov, Konstantin"]
[Result "0-1"]
[ECO "B20"]
[WhiteElo "2003"]
[BlackElo "2304"]
[Annotator "NA"]
[PlyCount "125"]
[EventDate "2018.10.20"]
[EventType "swiss"]
[EventCountry "GRE"]
[SourceTitle "playchess.com"]
[Source "ChessBase"]
[SourceQuality "1"]
[TimeControl "40/5400+30:1800+30"]

1. e4 c5 2. Na3 {[%emt 0:00:00] B31: Sicilian: 2...Nc6 3 Bb5 g6} (2. Nf3 Nc6 3. Bb5 g6 4. Bxc6 dxc6 5. d3 Bg7 6. h3 Nf6 7. Nc3 O-O 8. O-O Ne8 9. Be3 b6 10. e5 f6 11. Re1 Nc7 12. Qd2 fxe5 13. Bh6 Rxf3 14. Bxg7 Kxg7 15. gxf3 Bxh3 16. Rxe5 e6 17. Rg5 {1-0 (33) Caruana,F (2827)-Gelfand,B (2703) Batumi 2018}) 2... e6 3. c3 d5 4. exd5 exd5 5. Bb5+ Nc6 6. Nf3 Nf6 7. O-O Be7 8. Ne5 $146 ({Predecessor:} 8. d4 O-O 9. dxc5 Bxc5 {1-0 (55) Doluhanova,E (2243)-Sazonova,E (2195) Salekhard 2008}) 8... Bd7 9. Bxc6 Bxc6 10. Nxc6 bxc6 11. Qf3 c4 12. Nc2 O-O 13. b3 cxb3 14. axb3 Ne4 15. Nd4 Qb6 16. Qd3 Bf6 17. Ra6 Qb7 18. Ba3 Bxd4 19. cxd4 Rfe8 20. f3 {[%emt 0:04:27] [#]} Nxd2 $19 21. Rd1 Nxb3 22. Rb1 Rab8 23. Bd6 Qb5 24. Qxb5 Rxb5 25. Rd1 Na5 26. Ra1 Nc4 27. Bc5 h6 28. Rxa7 Re2 29. R7a2 Rxa2 30. Rxa2 Rb1+ 31. Kf2 Rb2+ 32. Rxb2 Nxb2 33. Ke2 f5 34. Kd2 Kf7 35. Kc3 Nc4 36. Kd3 h5 37. h4 f4 38. Ke2 Ne3 39. g3 Nf5 40. gxf4 Nxh4 41. f5 Nxf5 42. Kd3 Ke6 43. Ba7 Nh4 44. Ke3 Kf5 45. Bb8 Ng2+ 46. Kf2 Nf4 47. Ke3 g5 48. Bd6 h4 49. Bxf4 gxf4+ 50. Kf2 Ke6 51. Kg2 c5 52. dxc5 d4 53. Kh3 d3 54. Kxh4 d2 55. Kg4 d1=Q 56. Kxf4 Qd4+ 57. Kg5 Qxc5+ 58. Kg4 Qf5+ 59. Kg3 Ke5 60. Kg2 Kf4 61. Kf2 Qc2+ 62. Ke1 Kxf3 63. Kf1 0-1